 Dungeon Crawl Stone Soup version 0.25-a0-803-g58bd18402a (webtiles) character file.

Game seed: 7961352937227881138, levelgen mode: deterministic

86 Maedhros the Charlatan (level 4, -4/28 HPs)
             Began as an Octopode Artificer on Apr 19, 2020.
             Killed from afar by an orc wizard (13 damage)
             ... with a puff of frost
             ... on level 4 of the Dungeon.
             The game lasted 00:01:57 (747 turns).

Maedhros the Charlatan (Octopode Artificer)          Turns: 747, Time: 00:01:58

Health: -4/28      AC:  1    Str: 11    XL:     4   Next: 49%
Magic:  6/7        EV: 13    Int: 13    God:
Gold:   46         SH:  0    Dex: 13    Spells: 3/3 levels left

rFire    . . .     SeeInvis .   a - +0 short sword
rCold    . . .     Gourm    .   (no shield)
rNeg     . . .     Faith    .   (helmet restricted)
rPois    .         Spirit   .   h - amulet of magic regeneration
rElec    .         Reflect  .   (no ring)
rCorr    .         Harm     .   (no ring)
MR       .....                  (no ring)
Stlth    +++.......             (no ring)
HPRegen  0.09/turn              (no ring)
MPRegen  0.35/turn              (no ring)
                                (no ring)
                                (no ring)

@: very slightly contaminated, invisible (expiring)
A: almost no armour, stealthy swim, amphibious, 8 rings, constrict 8, camouflage
1, gelatinous body 1
a: no special abilities


You were on level 4 of the Dungeon.
You were not hungry.

You visited 1 branch of the dungeon, and saw 4 of its levels.

You collected 46 gold pieces.

Inventory:

Hand Weapons
 a - a +0 short sword (weapon)
Jewellery
 h - an amulet of magic regeneration (around mantle)
Wands
 b - a wand of flame (32)
 c - a wand of enslavement (13)
 d - a wand of random effects (9)
 k - a wand of polymorph (9)
Scrolls
 e - a scroll of magic mapping {unknown}
 g - a scroll of teleportation {unknown}
 i - 2 scrolls of enchant armour {unknown}
 j - a scroll of blinking {unknown}
 l - a scroll of amnesia {unknown}
 m - a scroll of enchant weapon {unknown}
Comestibles
 f - a ration


   Skills:
 - Level 1.0 Fighting
 - Level 1.0 Short Blades
 - Level 2.0 Dodging
 + Level 3.1 Stealth
 * Level 2.7 Unarmed Combat
 + Level 4.0 Evocations


You had 3 spell levels left.
You didn't know any spells.
Your spell library was empty.

Dungeon Overview and Level Annotations

Branches:
Dungeon (4/15)
 Temple: D:4-7

Altars:
Vehumet


Innate Abilities, Weirdness & Mutations

You cannot wear most types of armour.
You are very stealthy in the water. (Stealth+)
You are amphibious.
You can wear up to eight rings at the same time.
You can use your tentacles to constrict eight enemies at once.
Your skin changes colour to match your surroundings (Stealth+).
Your rubbery body absorbs attacks. (AC +1, EV +1)


Message History

The orc priest escapes!
Unknown command.
Evoke which item? (* to show all) (? for menu, Esc to quit)
Aiming: Random Effects
Press: ? - help, Shift-Dir - straight line, f/p - orc priest
Aim: an orc priest (severely wounded, fast)
The orc priest seems to slow down.
You feel sick.
You are no longer poisoned.
You hit the orc priest. You grab the orc priest.
The orc priest is almost dead.
You constrict the orc priest. The orc priest misses you.
You hit the orc priest but do no damage.
You squeeze the orc priest.
You kill the orc priest!
Your Evocations skill increases to level 4!
The orc wizard points at something and mumbles some strange words.
The puff of flame misses you.
The orc wizard gestures at something while chanting.
The puff of frost hits you!
You die...

....$.....#
##......
..........#
#.....#)
.....(....#
###....<#.
.######)###
.......... #.#
.......#..
#o##..............
#o##.........#._.#
#.# ..............
#@# #..........#..
#.# #.............
#.# #....##.##..#.
#.# #....#.)....#.
#.# #....#..##.#..
#.# ##.#.#...#.#.#
#.####.#.......#.#
#..............#.#
######.#######.#.#


You could see an orc wizard and an orc.

Vanquished Creatures
  An orc wizard (D:4)
  An orc priest (D:4)
  A worker ant (D:4)
  2 adders
  An adder skeleton (D:4)
  A dart slug (D:4)
  An orc (D:4)
  A goblin (D:1)
  A hobgoblin (D:2)
  A jackal (D:3)
  2 kobolds
13 creatures vanquished.

Vanquished Creatures (collateral kills)
  2 jackals (D:3)
2 creatures vanquished.

Grand Total: 15 creatures vanquished

Notes
Turn   | Place    | Note
-------+----------+-------------------------------------------
     0 | D:1      | Maedhros the Octopode Artificer began the quest for the
                  | Orb.
     0 | D:1      | Reached XP level 1. HP: 13/13 MP: 3/3
   203 | D:3      | Reached skill level 1 in Unarmed Combat
   203 | D:3      | Reached XP level 2. HP: 8/18 MP: 4/4
   475 | D:4      | Reached XP level 3. HP: 16/23 MP: 5/5
   477 | D:4      | Found a radiant altar of Vehumet.
   731 | D:4      | Reached XP level 4. HP: 23/28 MP: 6/6
   747 | D:4      | Reached skill level 4 in Evocations
   747 | D:4      | Killed from afar by an orc wizard

Levels and vault maps discovered:
D:1:      dpeg_arrival_lava_temple_mockup, layout_basic
D:2:      minmay_kobold_bridge, layout_loops_cross, minmay_misc_feat_room,
          minmay_misc_feat_columns, serial_bayou_crossing
D:3:      layout_basic, lemuel_crystal_altar, first_ration
D:4:      layout_basic, vehumet_altar_wand_db, nicolae_ru_awakened_eye,
          uniq_menkaure

Skill      XL: |  1  2  3  4 |
---------------+-------------+-----
Stealth        | 2 3 |  3.1
Unarmed Combat | 1 2 |  2.7
Evocations     | 4 |  4.0
Fighting       | |  1.0
Short Blades   | |  1.0
Dodging        | |  2.0

Action                   |  1- 3 |  4- 6 || total
-------------------------+-------+-------++-------
Melee: Short sword       |    28 |     4 ||    32
       Constrict         |     7 |     2 ||     9
       Tentacles         |     4 |     2 ||     6
Evoke: Wand              |     2 |     6 ||     8
  Use: Potion            |     1 |       ||     1
 Stab: Sleeping          |     2 |       ||     2
Armor: Skin              |     3 |       ||     3
Dodge: Dodged            |    20 |     8 ||    28

Table legend:
 A = Non-vault XP
 B = Vault XP
 C = Vault XP percentage of total XP
 D = Non-vault monster count
 E = Vault monster count
 F = Vault count percentage of total count
                 A         B        C        D         E       F
            +---------+---------+-------+---------+---------+-------
      Total |     121 |       2 |   1.6 |      14 |       1 |   6.7
            +---------+---------+-------+---------+---------+-------
        D:1 |       2 |       0 |   0.0 |       1 |       0 |   0.0
        D:2 |       3 |       0 |   0.0 |       2 |       0 |   0.0
        D:3 |      17 |       0 |   0.0 |       4 |       0 |   0.0
        D:4 |      99 |       2 |   2.0 |       7 |       1 |  12.5
            +---------+---------+-------+---------+---------+-------
